 Dungeon Crawl Stone Soup version 0.31.0-32-g396128a36d (webtiles) character file.

Game seed: 14590313782303384331

1496 LichLyric the Changeling (level 8, -4/55 HPs)
             Began as an Octopode Shapeshifter on Mar 22, 2024.
             Was an Initiate of Makhleb.
             Slain by an ice beast (10 damage)
             ... on level 6 of the Dungeon.
             The game lasted 00:08:32 (4636 turns).

LichLyric the Changeling (Octopode Shapeshifter)    Turns: 4636, Time: 00:08:33

Health: -4/55      AC:  1    Str: 25    XL:     8   Next: 81%
Magic:  8/8        EV: 17    Int: 15    God:    Makhleb [......]
Gold:   336        SH:  0    Dex: 11    Spells: 5/7 levels left

rFire   . .          .
                       - Unarmed
rCold   . . .        u - melded orb "Gufon" {*channel, Dex+2 Tloc}
rNeg    + . .        (helmet restricted)
rPois   .            y - amulet of the acrobat
rElec   .            S - +6 ring of strength
rCorr   .            N - ring of positive energy
SInv    .            s - +6 ring of strength
Will    .....        (no ring)
Stlth   +            (no ring)
HPRegen 0.29/turn    (no ring)
MPRegen 0.11/turn    (no ring)
                     (no ring)

%: acrobat
@: flux-form, glowing
A: glow, contaminating, reduced hp, almost no armour, amphibious, 8 rings,
camouflage 1, gelatinous body 1, (nimble swimmer 1), tentacles
a: Begin Untransformation, Renounce Religion


You were on level 6 of the Dungeon.
You worshipped Makhleb.
Makhleb was noncommittal.
You were something dangerously unstable.
You visited 2 branches of the dungeon, and saw 7 of its levels.

You collected 336 gold pieces.


Innate Abilities, Weirdness & Mutations

You are something dangerously unstable.
You glow with magical radiation, making you easy to see and hit.
Foes you strike become dangerously contaminated with magical radiation.
Your maximum health is decreased, since you lack skill for your form.
You are incapable of wielding weapons or throwing items.
You cannot wear most types of armour.
You are amphibious.
You can wear up to eight rings at the same time.
Your skin changes colour to match your surroundings (Stealth+).
Your rubbery body absorbs attacks. (AC +1, EV +1)
((You are camouflaged when in or above water. (Stealth+)))
You have tentacles for arms and can constrict up to eight enemies at once.


   Skills:
 - Level 6.0 Fighting
 - Level 2.0 Dodging
 - Level 6.0 Unarmed Combat
 + Level 2.2 Translocations
 + Level 6.7 Shapeshifting


You had 5 spell levels left.
You knew the following spells:

 Your Spells              Type           Power      Damage    Failure   Level
B - Blink                 Tloc           12%        N/A       16%         2

Your spell library contained the following spells:

 Spells                   Type           Power      Damage    Failure   Level
 Lesser Beckoning         Tloc           12%        N/A       16%         2
 Foxfire                  Conj/Fire      0%         2x1d4     26%         1
 Momentum Strike          Conj/Tloc      6%         3d8       26%         2
 Scorch                   Fire           0%         2d5       38%         2
 Fugue of the Fallen      Necr           0%         N/A       63%         3
 Ozocubu's Armour         Ice            0%         N/A       63%         3
 Tukima's Dance           Hex            0%         N/A       63%         3
 Manifold Assault         Tloc           6%         N/A       71%         4
 Passage of Golubria      Tloc           6%         N/A       71%         4
 Flame Wave               Conj/Fire      0%         2d4       95%         4
 Yara's Violent Unravell  Hex/Alch       0%         3d3       100%        5
 Plasma Beam              Fire/Air       0%         2x1d10    100%        6
 Starburst                Conj/Fire      0%         6d3       100%        6
 Summon Cactus Giant      Summ           0%         N/A       100%        6

Inventory:

Hand Weapons
 r - a +2 rapier of venom
Missiles
 i - 3 throwing nets {=f}
Armour
 u - the orb "Gufon" (melded) {*channel, Dex+2 Tloc}
   (You found it on level 5 of the Dungeon)

   Dex+2:     It affects your dexterity (+2).
   Tloc:      It increases the power of your Translocations spells.
Magical Staves
 g - a staff of fire {!a}
 t - a staff of air {!a}
Jewellery
 h - an amulet of regeneration
 s - a +6 ring of strength (on tentacle)
 y - an amulet of the acrobat (around mantle)
 N - a ring of positive energy (right tentacle)
 S - a +6 ring of strength (left tentacle)
Talismans
 b - a beast talisman
 c - a flux talisman (active)
Scrolls
 d - a scroll of fear {unknown}
 f - 2 scrolls of identify {unknown}
 k - a scroll of teleportation {unknown}
 l - 3 scrolls of poison {unknown}
 m - 3 scrolls of enchant armour {unknown}
 n - a scroll of immolation
 o - a scroll of amnesia {unknown}
 q - 2 scrolls of fog {unknown}
 v - a scroll of enchant weapon {unknown}
 w - a scroll of torment {unknown}
Potions
 a - a potion of lignification
 e - a potion of degeneration {unknown}
 j - a potion of cancellation
 p - a potion of brilliance {unknown}
 x - a potion of might {unknown}

Dungeon Overview and Level Annotations

Branches:
Dungeon (6/15)             Temple (1/1) D:5

Altars:
Elyvilon
Fedhas
Kikubaaqudgha
Makhleb
Nemelex Xobeh
Okawaru
Qazlal
Sif Muna
Trog
Uskayaw
Vehumet
Xom
Yredelemnul
Zin
The Shining One

Shops:
D:3 !

Annotations:
D:3 1 runed translucent door, Crazy Yiuf

.... ...# ### ... #.#
..###.+ ..##.#
#.#..######
#############.#.....#.#
(............>......#.#
########p.....##....#.#
......Y......+...#.#.###
###...#.....†###.#.#....
#...#......# #.#.#....
#.. #......# #.#).....
#.. ######## #.##.....
#. #.##..### #. ###
#.##..# #######.#
#.....#


You could see an ice beast (contam).


Message History

You are too injured to fight recklessly!
You are too injured to fight recklessly!
You are too injured to fight recklessly!
You are too injured to fight recklessly!
You are too injured to fight recklessly!
You are too injured to fight recklessly!
You are too injured to fight recklessly!
You are too injured to fight recklessly!
You are too injured to fight recklessly!
You are too injured to fight recklessly!
You are too injured to fight recklessly!
You are too injured to fight recklessly!
You are too injured to fight recklessly!
You are too injured to fight recklessly!
You are too injured to fight recklessly!
Unknown command.
You tentacle-slap the ice beast.
The ice beast begins to glow.
You squeeze the ice beast, but do no damage.
The ice beast is lightly wounded.
The ice beast hits you.
* * * LOW HITPOINT WARNING * * *
The ice beast freezes you!
* * * LOW HITPOINT WARNING * * *
You barely miss the ice beast.
You squeeze the ice beast, but do no damage.
The ice beast is lightly wounded.
The ice beast hits you.
* * * LOW HITPOINT WARNING * * *
The ice beast freezes you!
You die...

Skill      XL: |  1  2  3  4  5  6  7  8 |
---------------+-------------------------+-----
Fighting       | 2 3 4 5 6 |  6.0
Shapeshifting  | 4 5 6 |  6.7
Unarmed Combat | 4 6 |  6.0
Translocations | 2 |  2.2
Dodging        | |  2.0

Action                     |  1- 3 |  4- 6 |  7- 9 || total
---------------------------+-------+-------+-------++-------
  Melee: Unarmed           |    70 |    70 |    36 ||   176
         Tentacles         |    16 |    17 |    26 ||    59
         Constrict         |    14 |    22 |    18 ||    54
         Punch             |       |     1 |     4 ||     5
         Rapier            |       |    25 |    42 ||    67
    Use: Potion            |       |     3 |       ||     3
   Stab: Sleeping          |     2 |     4 |     3 ||     9
         Distracted        |       |     2 |     1 ||     3
 Armour: Skin              |    23 |    60 |    45 ||   128
  Dodge: Dodged            |    37 |    43 |    50 ||   130
   Form: Flux              |       |       |     1 ||     1

Levels and vault maps discovered:
D:1:      nicolae_arrival_kraken_aquarium_a, layout_rooms, minmay_tromino_v4_c
D:2:      layout_basic
D:3:      layout_basic, serial_shops, nicolae_shop_tiny_statue_garden,
          hellmonk_ecumenical_altar_blasted, uniq_crazy_yiuf_cottage
D:4:      layout_layer_cave, st_stairs_7, uniq_robin, uniq_grinder,
          uniq_eustachio
D:5:      layout_rooms, minmay_temple_entry_mist, uniq_blork_the_orc
D:6:      layout_basic, serial_glass, glass_columns_a, glass_columns_a,
          serial_shops, nicolae_inconvenience_store, dk_noncrumbling_2,
          minmay_liquid_box
Temple:   hellmonk_temple_two_chambers

Notes
Turn   | Place    | Note
-------+----------+-------------------------------------------
     0 | D:1      | LichLyric the Octopode Shapeshifter began the quest for the
                  | Orb.
     0 | D:1      | Reached XP level 1. HP: 13/13 MP: 1/1
     0 | D:1      | Noticed an elf
     0 | D:1      | Noticed an oni
     0 | D:1      | Noticed a gargoyle
     0 | D:1      | Noticed an oni
     0 | D:1      | Noticed a kraken
     0 | D:1      | Noticed an armataur
     0 | D:1      | Noticed a tengu
     0 | D:1      | Noticed an armataur
     0 | D:1      | Noticed an oni
     0 | D:1      | Noticed a troll
     0 | D:1      | Noticed an elf
     0 | D:1      | Noticed a barachi
     3 | D:1      | Killed a tengu
     3 | D:1      | Killed a barachi
     4 | D:1      | Killed a troll
     5 | D:1      | Killed a gargoyle
     5 | D:1      | Killed an oni
     6 | D:1      | Killed an armataur
     7 | D:1      | Killed an elf
     7 | D:1      | Killed an oni
    11 | D:1      | Killed an oni
    12 | D:1      | Killed an armataur
    14 | D:1      | Killed an elf
    43 | D:1      | Reached skill level 2 in Fighting
    43 | D:1      | Reached XP level 2. HP: 5/19 MP: 2/2
   265 | D:1      | Reached XP level 3. HP: 25/25 MP: 3/3
   278 | D:1      | Reached skill level 3 in Fighting
   815 | D:2      | Reached XP level 4. HP: 21/31 MP: 4/4
  1258 | D:3      | Found Xeureuhi's Distillery.
  1386 | D:3      | Found a faded altar of an unknown god.
  1472 | D:3      | Reached XP level 5. HP: 37/37 MP: 5/5
  1761 | D:3      | Found a runed translucent door.
  1762 | D:3      | Noticed Crazy Yiuf
  1987 | D:4      | Reached skill level 4 in Fighting
  1987 | D:4      | Reached skill level 4 in Shapeshifting
  2095 | D:4      | Noticed Eustachio
  2106 | D:4      | Killed Eustachio
  2107 | D:4      | Reached XP level 6. HP: 12/44 MP: 6/6
  2113 | D:4      | Noticed Robin
  2119 | D:4      | Killed Robin
  2197 | D:4      | Reached skill level 5 in Fighting
  2264 | D:4      | Reached skill level 5 in Shapeshifting
  2681 | D:4      | Noticed Grinder
  2688 | D:4      | Paralysed by Grinder for 5 turns
  2690 | D:4      | HP: 1/45 [Grinder (6)]
  2722 | D:4      | Killed Grinder
  2723 | D:4      | Reached XP level 7. HP: 43/51 MP: 7/7
  3281 | D:5      | Entered Level 5 of the Dungeon
  3304 | D:5      | Found a staircase to the Ecumenical Temple.
  3310 | D:5      | Reached skill level 6 in Fighting
  3316 | Temple   | Entered the Ecumenical Temple
  3327 | Temple   | Became a worshipper of Makhleb the Destroyer
  3452 | D:5      | Reached skill level 6 in Shapeshifting
  3462 | D:5      | Reached skill level 4 in Unarmed Combat
  3462 | D:5      | Reached XP level 8. HP: 39/57 MP: 8/8
  3972 | D:5      | Reached skill level 5 in Unarmed Combat
  3987 | D:5      | Noticed Blork the orc
  4001 | D:5      | Killed Blork the orc
  4033 | D:5      | Identified the orb "Gufon" {*channel, Dex+2 Tloc}
  4057 | D:5      | Learned a level 2 spell: Blink
  4532 | D:6      | Reached skill level 1 in Translocations
  4590 | D:6      | Noticed a wraith
  4598 | D:6      | Killed a wraith
  4615 | D:6      | Reached skill level 6 in Unarmed Combat
  4615 | D:6      | Reached skill level 2 in Translocations
  4636 | D:6      | Slain by an ice beast

Vanquished Creatures
  Grinder (D:4)
  A wraith (D:6)
  Eustachio (D:4)
  A black bear (D:5)
  An ogre (D:5)
  A phantom (D:5)
  Blork the orc (D:5)
  A scorpion (Temple)
  2 howler monkeys (D:5)
  A bombardier beetle (D:5)
  7 hounds
  A gnoll bouda (D:6)
  A sleepcap (D:4)
  An orc wizard (D:5)
  Robin (D:4)
  11 gnolls
  An adder (D:5)
  A white imp (D:5)
  A dart slug (D:1)
  6 orcs
  6 ball pythons
  7 bats
  9 endoplasms
  5 giant cockroaches
  11 goblins
  6 hobgoblins
  4 jackals
  2 quokkas (D:1)
  3 frilled lizards
  7 kobolds
  7 rats
109 creatures vanquished.

Vanquished Creatures (others)
  2 armataurs (D:1)
  A gargoyle (D:1)
  A troll (D:1)
  2 elves (D:1)
  A tengu (D:1)
  3 onis (D:1)
  A barachi (D:1)
  An orc (D:1)
  12 tentacles (D:1)
24 creatures vanquished.

Grand Total: 133 creatures vanquished

Table legend: (Time is in decaauts)
 A = Elapsed time spent in this place.
 B = Non-inter-level travel time spent in this place.
 C = Inter-level travel time spent in this place.
 D = Time resting spent in this place.
 E = Time spent auto-exploring this place.
 F = Levels seen in this place.
 G = Mean time per level.
                   A        B        C        D        E       F      G
               +--------+--------+--------+--------+--------+-----+--------+
         Total |   4643 |   4578 |     65 |    757 |   2994 |   7 |  663.3 |
       Dungeon |   4200 |   4135 |     65 |    345 |   2994 |   6 |  700.0 |
        Temple |    442 |    442 |      0 |    412 |      0 |   1 |  442.0 |
               +--------+--------+--------+--------+--------+-----+--------+

Top non-repeatable levels by time:
     D:4: 1341 daAuts
     D:5: 762 daAuts
     D:3: 683 daAuts
     D:2: 636 daAuts
     D:1: 614 daAuts
  Temple: 442 daAuts
     D:6: 162 daAuts

Table legend:
 A = Non-vault XP
 B = Vault XP
 C = Vault XP percentage of total XP
 D = Non-vault monster count
 E = Vault monster count
 F = Vault count percentage of total count
                 A         B        C        D         E       F
            +---------+---------+-------+---------+---------+-------
      Total |    1538 |     600 |  28.1 |      96 |      13 |  11.9
            +---------+---------+-------+---------+---------+-------
        D:1 |      50 |       4 |   7.4 |      31 |       2 |   6.1
        D:2 |      47 |       0 |   0.0 |       7 |       0 |   0.0
        D:3 |      68 |       0 |   0.0 |      16 |       0 |   0.0
        D:4 |     153 |     505 |  76.7 |      15 |      10 |  40.0
        D:5 |     708 |      91 |  11.4 |      16 |       1 |   5.9
        D:6 |     426 |       0 |   0.0 |       9 |       0 |   0.0
     Temple |      86 |       0 |   0.0 |       2 |       0 |   0.0
            +---------+---------+-------+---------+---------+-------
